 Dungeon Crawl Stone Soup version 0.25-a0-719-gde951dce62 (webtiles) character file.

Game seed: 14182946907072976198, levelgen mode: deterministic

16 Maedhros the Scratcher (level 2, -7/14 HPs)
             Began as a Felid Chaos Knight on Apr 6, 2020.
             Was a Plaything of Xom.
             Mangled by a small abomination (21 damage)
             ... summoned by the capriciousness of Xom
             ... on level 1 of the Dungeon.
             The game lasted 00:01:51 (5106 turns).

Maedhros the Scratcher (Felid Chaos Knight)         Turns: 5106, Time: 00:01:51

Health: -7/14      AC:  4    Str: 10    XL:     2   Next: 41%
Magic:  3/3        EV: 18    Int: 11    God:    Xom [...*..]
Gold:   48         SH:  0    Dex: 15    Spells: 1/1 levels left
                                        Lives:  0   Deaths: 0

rFire    . . .     SeeInvis +     - Unarmed
rCold    + . .     Gourm    .   (shield unavailable)
rNeg     . . .     Faith    .   (armour unavailable)
rPois    +         Spirit   .   (helmet unavailable)
rElec    .         Reflect  .   (cloak unavailable)
rCorr    .         Harm     .   (gloves unavailable)
MR       +....     Clarity  +   (boots unavailable)
Stlth    ++........             (no amulet)
HPRegen  0.04/turn              e - ring of protection from magic
MPRegen  0.08/turn              (no ring)

@: quick
A: very small, no armour, no weapons or thrown items, stealth, antennae 1, claws
1, fangs 3, iridescent scales 1, see invisible, carnivore, clarity, cold
resistance 1, dopey 1, speed 1, mutation resistance 1, poison resistance,
screaming 2, shaggy fur 2, slow metabolism 1, strong 1, wild magic 1, sharp paws
a: Renounce Religion


You were on level 1 of the Dungeon.
You worshipped Xom.
You were a favourite toy of Xom.
You were full.

You visited 1 branch of the dungeon, and saw 1 of its levels.

You collected 48 gold pieces.

Inventory:

Missiles
 b - 32 stones
Jewellery
 e - a ring of protection from magic (left paw)
Scrolls
 c - a scroll of random uselessness {unknown}
 d - a scroll of immolation {unknown}
 f - 2 scrolls of amnesia {unknown}
 h - a scroll of identify {unknown}
 i - 2 scrolls of remove curse {unknown}
Potions
 g - a potion of cancellation {unknown}
 k - a potion of heal wounds {unknown}
Comestibles
 a - a ration


   Skills:
 - Level 3.0 Fighting
 - Level 3.2 Dodging
 + Level 3.8 Unarmed Combat


You had one spell level left.
You didn't know any spells.
Your spell library was empty.

Dungeon Overview and Level Annotations

Branches:
Dungeon (1/15)

Altars:
Xom


Innate Abilities, Weirdness & Mutations

You cannot wear armour.
You are incapable of wielding weapons or throwing items.
Your paws allow you to move quietly. (Stealth)
You have sharp claws.
You have razor-sharp teeth.
You have supernaturally acute eyesight. (SInv)
You are carnivorous and can eat meat at any time.
You cover ground quickly.
You are covered in thick fur. (AC +2)
You have a slow metabolism.
Your sharp claws are effective at attacking unaware monsters.
You have a pair of small antennae on your head.
You are partially covered in iridescent scales. (AC +2)
You possess an exceptional clarity of mind.
Your flesh is cold resistant. (rC+)
You are dopey. (Int -2)
You are somewhat resistant to further mutation.
Your system is resistant to poisons. (rPois)
You sometimes yell uncontrollably at your foes.
Your muscles are strong. (Str +2)
Your spells are a little harder to cast, but a little more powerful.


Message History

There is a stone staircase leading down here.
You start resting.
HP restored.
You start waiting.
Done waiting.
You start waiting.
Done waiting.
You start waiting.
You hear Xom's maniacal cackling.
Your body is suffused with distortional energy.
You feel resistant to cold.
You feel stronger.
You are now a toy of Xom.
You start waiting.
You are now a favourite toy of Xom.
You start waiting.
Xom's power touches on you for a moment.
A chorus of moans calls out to you! The small abomination hits you!!
Ouch! That really hurt!
You die...

#.................#
######..###.......#
#)...#........
##............
##...........
#.#........#
#######.#....)..[#
#.x........###..##
#@................
#x........♣♣♣♣♣♣♣♣
#........♣..P...PP
#........♣...P..PP
#........♣....PP..
#........♣PP.<.P..
#........♣..P...PP
#........♣..PP...P
#......>.♣PP..P...


You could see 2 small abominations.

Vanquished Creatures
  5 bats (D:1)
  2 giant cockroaches (D:1)
  3 goblins (D:1)
  2 hobgoblins (D:1)
  4 rats (D:1)
16 creatures vanquished.

Vanquished Creatures (others)
  2 fungi (D:1)
2 creatures vanquished.

Grand Total: 18 creatures vanquished

Notes
Turn   | Place    | Note
-------+----------+-------------------------------------------
     0 | D:1      | Maedhros the Felid Chaos Knight began the quest for the
                  | Orb.
     0 | D:1      | Reached XP level 1. HP: 10/10 MP: 2/2
  1001 | D:1      | Reached XP level 2. HP: 14/14 MP: 3/3
  1287 | D:1      | XOM: scenery: create altars
  1294 | D:1      | XOM: 1-stop teleportation journey
  1303 | D:1      | XOM: god gift: 11 stones
  1389 | D:1      | XOM: cloud trail
  2002 | D:1      | XOM: give mutations
  2002 | D:1      | Gained mutation: You occasionally shout uncontrollably at
                  | your foes. [Xom's mischief]
  2002 | D:1      | Gained mutation: You are dopey. (Int -2) [Xom's mischief]
  2002 | D:1      | Gained mutation: Your system is resistant to poisons.
                  | (rPois) [Xom's mischief]
  2002 | D:1      | Gained mutation: You sometimes yell uncontrollably at your
                  | foes. [Xom's mischief]
  2113 | D:1      | XOM: scenery: create altars
  2733 | D:1      | XOM is BORED!
  2733 | D:1      | XOM: mild Summ miscast
  3392 | D:1      | XOM: 1-stop teleportation journey
  3482 | D:1      | XOM: give mutations
  3482 | D:1      | Gained mutation: You have a pair of small antennae on your
                  | head. [Xom's grace]
  3482 | D:1      | Gained mutation: You possess an exceptional clarity of
                  | mind. [Xom's grace]
  4470 | D:1      | XOM: give mutations
  4470 | D:1      | Gained mutation: You are partially covered in iridescent
                  | scales. (AC +2) [Xom's grace]
  4470 | D:1      | Gained mutation: You are covered in thick fur. (AC +2)
                  | [Xom's grace]
  4470 | D:1      | Gained mutation: You are somewhat resistant to further
                  | mutation. [Xom's grace]
  4588 | D:1      | XOM: give mutation
  4588 | D:1      | Gained mutation: Your spells are a little harder to cast,
                  | but a little more powerful. [Xom's grace]
  4614 | D:1      | XOM: god gift: 21 stones
  4629 | D:1      | XOM: summons 1 hostile demon
  5023 | D:1      | XOM: give mutations
  5023 | D:1      | Gained mutation: Your flesh is cold resistant. (rC+) [Xom's
                  | grace]
  5023 | D:1      | Gained mutation: Your muscles are strong. (Str +2) [Xom's
                  | grace]
  5105 | D:1      | XOM: medium Summ miscast
  5106 | D:1      | Noticed a small abomination
  5106 | D:1      | Noticed a small abomination
  5106 | D:1      | Mangled by a small abomination

Levels and vault maps discovered:
D:1:      scummos_arrival_checkerplants, layout_rooms, minmay_tromino_i4

Action                   || total
-------------------------++-------
Melee: Unarmed           ||    44
       Bite              ||     3
 Stab: Distracted        ||     1
  Eat: Chunk             ||    12
Armor: Skin              ||     6
Dodge: Dodged            ||    35

Table legend:
 A = Non-vault XP
 B = Vault XP
 C = Vault XP percentage of total XP
 D = Non-vault monster count
 E = Vault monster count
 F = Vault count percentage of total count
                 A         B        C        D         E       F
            +---------+---------+-------+---------+---------+-------
      Total |      19 |       5 |  20.8 |      13 |       3 |  18.8
            +---------+---------+-------+---------+---------+-------
        D:1 |      19 |       5 |  20.8 |      13 |       3 |  18.8
            +---------+---------+-------+---------+---------+-------
